[Event "World Chess Olympiad 2018"]
[Site "Batumi"]
[Date "2018.10.05"]
[Round "11.1"]
[White "Moayed, Obied"]
[Black "Strugnell, Carl"]
[Result "0-1"]
[ECO "E06"]
[WhiteElo "2125"]
[BlackElo "2327"]
[PlyCount "154"]
[EventDate "2018.??.??"]
[TimeControl "6000+1635"]
[WhiteClock "0:01:13"]
[BlackClock "0:04:18"]

1. d4 Nf6 2. c4 e6 3. g3 d5 4. Nf3 Be7 5. Bg2 O-O 6. O-O dxc4 7. Qc2 a6 8. Qxc4
b5 9. Qc2 Bb7 10. Bd2 Be4 11. Qc1 Nc6 12. Be3 Na5 13. Nbd2 Bd5 14. Bg5 Rc8 15.
Bxf6 gxf6 16. e4 Ba8 17. Rd1 c5 18. d5 Qb6 19. Nf1 c4 20. Qf4 Nb7 21. Ne3 Nc5
22. d6 Bd8 23. Nh4 Nd7 24. Qh6 Kh8 25. Nd5 exd5 26. Bh3 Rg8 27. Bxd7 Rc5 28.
Bf5 Rg7 29. Bxh7 Qxd6 30. Nf5 Rxh7 31. Qxh7+ Kxh7 32. Nxd6 Bc7 33. Nf5 dxe4 34.
Rd7 Be5 35. Nd4 Bd5 36. Rd1 Kg6 37. Rd8 Bb7 38. Rg8+ Kh7 39. Rf8 Kg7 40. Rd8
Bc8 41. Rd2 f5 42. Ne2 Bf6 43. Re8 b4 44. Nf4 c3 45. bxc3 bxc3 46. Rc2 Bd7 47.
Nh5+ Kg6 48. Nxf6 Kxf6 49. Rb8 Bb5 50. h4 Bd3 51. Rc1 c2 52. Kg2 Be2 53. Rb2
Bd1 54. Kf1 Rc3 55. Rb3 Rc5 56. Ke1 Ra5 57. Rb2 f4 58. gxf4 Kf5 59. Rb7 f6 60.
Ra1 Rxa2 61. Rc1 Kxf4 62. Rb6 f5 63. Rg6 Ra3 64. Rg7 Rh3 65. Rg6 Rxh4 66. Rxa6
Rh1+ 67. Kd2 Rf1 68. Ra4 Rxf2+ 69. Ke1 Rh2 70. Rc4 Kf3 71. Rc5 f4 72. Rg5 e3
73. Rg1 Ke4 74. Ra1 Re2+ 75. Kf1 Rd2 76. Rg8 Be2+ 77. Kg2 Bc4+ 0-1

[Event "World Chess Olympiad 2018"]
[Site "Batumi"]
[Date "2018.10.04"]
[Round "10.1"]
[White "Al-Hajiri, Bader"]
[Black "Strugnell, Carl"]
[Result "1/2-1/2"]
[ECO "B40"]
[WhiteElo "2112"]
[BlackElo "2327"]
[PlyCount "171"]
[EventDate "2018.??.??"]
[TimeControl "6000+1765"]
[WhiteClock "0:31:33"]
[BlackClock "0:13:53"]

1. e4 c5 2. Nf3 e6 3. d4 cxd4 4. Nxd4 Nf6 5. Bd3 Nc6 6. Nf3 Qc7 7. Qe2 d5 8.
exd5 Nxd5 9. O-O Nf4 10. Bxf4 Qxf4 11. Nc3 Be7 12. Rad1 a6 13. Be4 Qc7 14. Qc4
Bd7 15. Rd2 O-O 16. Rfd1 Be8 17. Nd4 b5 18. Qd3 g6 19. a4 Rd8 20. Bxc6 Bxc6 21.
axb5 axb5 22. Ncxb5 Qb7 23. Qf1 Bg5 24. f4 Bxf4 25. Qxf4 Bxb5 26. Qf6 Rd5 27.
Kh1 Bd7 28. c4 Rh5 29. Qe7 Qb8 30. Nf3 Be8 31. Rd8 Qb3 32. R1d7 Rf5 33. Rxe8
Rxe8 34. Qxe8+ Kg7 35. Qa8 g5 36. Qe4 Qxb2 37. Qxe6 Qc1+ 38. Ng1 Rf1 39. Qe5+
Kg6 40. Qd4 Rf4 41. Qd3+ Kh6 42. g3 Rf1 43. Qd4 f6 44. c5 Qe1 45. Kg2 Rxg1+ 46.
Qxg1 Qe4+ 47. Kf1 Qb1+ 48. Kf2 Qf5+ 49. Ke3 Qxd7 50. Qc1 Qe6+ 51. Kd4 Qe5+ 52.
Kc4 Qe4+ 53. Kb3 Qb7+ 54. Kc2 Qe4+ 55. Kb3 Qb7+ 56. Ka2 Qd5+ 57. Ka3 Qa8+ 58.
Kb2 Qb7+ 59. Kc3 Qf3+ 60. Kd4 Qg4+ 61. Ke3 Qe6+ 62. Kf2 Qc6 63. Qc4 Kg7 64. Qc2
h5 65. Qf5 Kf8 66. Ke3 Ke7 67. Qh7+ Ke6 68. Qg8+ Ke7 69. Qc4 Qe6+ 70. Kd3 Qxc4+
71. Kxc4 f5 72. Kd5 h4 73. gxh4 gxh4 74. Ke5 Kd7 75. Kxf5 Kc6 76. Kg4 Kxc5 77.
Kxh4 Kd6 78. Kg5 Ke7 79. Kg6 Kf8 80. Kh7 Kf7 81. h4 Kf8 82. h5 Kf7 83. h6 Kf8
84. Kg6 Kg8 85. h7+ Kh8 86. Kh6 1/2-1/2

[Event "World Chess Olympiad 2018"]
[Site "Batumi"]
[Date "2018.10.03"]
[Round "9.1"]
[White "Strugnell, Carl"]
[Black "Tissir, Mohamed"]
[Result "0-1"]
[ECO "B81"]
[WhiteElo "2327"]
[BlackElo "2388"]
[PlyCount "82"]
[EventDate "2018.??.??"]
[TimeControl "6000+1765"]
[WhiteClock "0:32:31"]
[BlackClock "0:30:33"]

1. e4 c5 2. Nf3 d6 3. d4 cxd4 4. Nxd4 Nf6 5. Nc3 e6 6. g4 a6 7. g5 Nfd7 8. Be3
b5 9. a3 Bb7 10. Qd2 Nb6 11. O-O-O N8d7 12. f4 Rc8 13. h4 Nc5 14. Bd3 Nc4 15.
Bxc4 bxc4 16. Qg2 Qb6 17. Rh3 Rb8 18. g6 hxg6 19. Nxe6 Qxb2+ 20. Kd2 Nb3+ 21.
Ke1 Qxc3+ 22. Kf1 Qa5 23. cxb3 fxe6 24. Qxg6+ Kd7 25. e5 Bd5 26. Qf7+ Kc6 27.
bxc4 Bxc4+ 28. Kg1 Qc7 29. Qg6 Rh6 30. Qc2 d5 31. Qa4+ Rb5 32. f5 Bc5 33. Qxa6+
Kd7 34. Kh1 Bxe3 35. Rxe3 Rxh4+ 36. Kg1 Rg4+ 37. Kh1 Rh4+ 38. Kg1 Qb6 39. fxe6+
Kxe6 40. Qc8+ Ke7 41. Rde1 Qg6+ 0-1

[Event "World Chess Olympiad 2018"]
[Site "Batumi"]
[Date "2018.10.01"]
[Round "7.1"]
[White "Pg, Mohd Omar Ak Hira"]
[Black "Strugnell, Carl"]
[Result "1-0"]
[ECO "B40"]
[WhiteElo "2175"]
[BlackElo "2327"]
[PlyCount "109"]
[EventDate "2018.??.??"]
[TimeControl "6000+1185"]
[WhiteClock "0:07:36"]
[BlackClock "0:07:25"]

1. e4 c5 2. Nf3 e6 3. g3 Nc6 4. Bg2 g6 5. Nc3 Bg7 6. O-O Nge7 7. d3 O-O 8. Be3
Nd4 9. Ne2 Nxf3+ 10. Bxf3 b6 11. d4 Qc7 12. Bf4 e5 13. Bxe5 Bxe5 14. dxe5 Qxe5
15. Qd3 Qxb2 16. Bg2 Nc6 17. Nf4 Qd4 18. Qe2 Qa4 19. Rfd1 Nd4 20. Rxd4 Qxd4 21.
Rd1 Qe5 22. Nd5 Bb7 23. f4 Qb2 24. Ne7+ Kh8 25. e5 Bxg2 26. Qxg2 Rae8 27. Nd5
Re6 28. Nc7 Rc6 29. Nd5 Re8 30. h4 Qxa2 31. h5 gxh5 32. Qe4 Qa3 33. Ne3 Rg6 34.
Kf2 d6 35. Qf5 Rxg3 36. Rd3 Qc1 37. Kxg3 Rg8+ 38. Kf3 Qh1+ 39. Ke2 Qh2+ 40. Ke1
Rg1+ 41. Nf1 Qh4+ 42. Ke2 Rg2+ 43. Kd1 dxe5 44. Qxe5+ Kg8 45. Qe8+ Kg7 46. Qe5+
Qf6 47. Ne3 Qxe5 48. fxe5 Rg5 49. Nc4 b5 50. Nd6 c4 51. Re3 a6 52. Kd2 Kg6 53.
Kc3 Rg2 54. Rf3 Re2 55. Rg3+ 1-0

[Event "World Chess Olympiad 2018"]
[Site "Batumi"]
[Date "2018.09.30"]
[Round "6.1"]
[White "Strugnell, Carl"]
[Black "Glud, Jakob Vang"]
[Result "0-1"]
[ECO "C72"]
[WhiteElo "2327"]
[BlackElo "2514"]
[PlyCount "52"]
[EventDate "2018.??.??"]
[TimeControl "6000+695"]
[WhiteClock "0:16:13"]
[BlackClock "0:51:59"]

1. e4 e5 2. Nf3 Nc6 3. Bb5 a6 4. Ba4 d6 5. O-O Bd7 6. c3 g6 7. d4 Bg7 8. d5
Nce7 9. c4 b5 10. Bc2 Nf6 11. c5 O-O 12. a4 b4 13. Nbd2 a5 14. Nc4 Nc8 15. Nfd2
c6 16. Nb3 cxd5 17. exd5 dxc5 18. Nxe5 Re8 19. Nc4 Nb6 20. Nbxa5 Nbxd5 21. Nb7
Qc7 22. Nbd6 Re6 23. Ne4 Nxe4 24. Bxe4 Rxe4 25. Qxd5 Qc6 26. Qd3 Rd4 0-1

[Event "World Chess Olympiad 2018"]
[Site "Batumi"]
[Date "2018.09.28"]
[Round "5.1"]
[White "Strugnell, Carl"]
[Black "Ayyad, Husain"]
[Result "1-0"]
[ECO "C91"]
[WhiteElo "2327"]
[BlackElo "2243"]
[PlyCount "134"]
[EventDate "2018.??.??"]
[TimeControl "6000+1725"]
[WhiteClock "0:05:45"]
[BlackClock "0:04:04"]

1. e4 e5 2. Nf3 Nc6 3. Bb5 a6 4. Ba4 Nf6 5. O-O Be7 6. Re1 b5 7. Bb3 d6 8. c3
O-O 9. d4 exd4 10. cxd4 Bg4 11. Be3 d5 12. e5 Ne4 13. h3 Bh5 14. Nbd2 Na5 15.
Bc2 Nxd2 16. Bxd2 Nc4 17. Bc1 Bb4 18. Rf1 f6 19. g4 Bg6 20. Bxg6 hxg6 21. b3
Nb6 22. Qc2 fxe5 23. Nxe5 Bd6 24. Qxg6 Bxe5 25. Qe6+ Kh8 26. Qxe5 Qd7 27. Bf4
Qf7 28. Bg3 Nd7 29. Qxc7 Rac8 30. Qb7 Rc3 31. Rac1 Rf3 32. Kg2 b4 33. Rc8 Rxc8
34. Qxc8+ Kh7 35. Qxa6 Rc3 36. Qe2 Qg6 37. Rd1 Nf6 38. Bd6 Rc2 39. Qd3 Qxd3 40.
Rxd3 Ne4 41. Bxb4 Rxf2+ 42. Kg1 Rxa2 43. Rf3 Kg6 44. h4 Nf6 45. Rf5 Rb2 46. Be7
Rxb3 47. Bxf6 gxf6 48. Kf2 Rb2+ 49. Kf3 Rb3+ 50. Kf4 Rb5 51. h5+ Kg7 52. h6+
Kxh6 53. Rxf6+ Kg7 54. g5 Rb1 55. Rd6 Rf1+ 56. Ke5 Rg1 57. Rxd5 Rxg5+ 58. Ke6
Rg6+ 59. Ke7 Rg4 60. Rd7 Rg1 61. d5 Re1+ 62. Kd6+ Kf8 63. Rd8+ Kf7 64. Kd7 Rd1
65. d6 Ra1 66. Rc8 Rb1 67. Rc2 Rb7+ 1-0

[Event "World Chess Olympiad 2018"]
[Site "Batumi"]
[Date "2018.09.27"]
[Round "4.1"]
[White "Al Ghamdi, Ahmed M"]
[Black "Strugnell, Carl"]
[Result "1/2-1/2"]
[ECO "C50"]
[WhiteElo "2126"]
[BlackElo "2327"]
[PlyCount "84"]
[EventDate "2018.??.??"]
[TimeControl "6000+1490"]
[WhiteClock "0:40:02"]
[BlackClock "0:29:47"]

1. e4 e5 2. Nf3 Nc6 3. Bc4 Bc5 4. O-O Nf6 5. d3 O-O 6. h3 a6 7. c3 Ba7 8. Bb3
d5 9. exd5 Nxd5 10. Re1 Be6 11. d4 exd4 12. cxd4 h6 13. Nc3 Nce7 14. Ne4 c6 15.
Nc5 Bc8 16. Bc2 Re8 17. Ne5 Nf6 18. Bb3 Ned5 19. Qf3 Qc7 20. Bf4 Qa5 21. Bxd5
cxd5 22. Bxh6 Bxc5 23. dxc5 Re6 24. Nd3 Ne4 25. Be3 Rf6 26. Qh5 Rf5 27. Qd1 Bd7
28. f3 Ng5 29. Qd2 Qd8 30. Bxg5 Rxg5 31. Re5 Rxe5 32. Nxe5 Bc6 33. Re1 Qh4 34.
Ng4 Rd8 35. Qf2 Qg5 36. Qd4 Kf8 37. Re5 Qg6 38. Kh2 f6 39. Re6 Qf5 40. Re1 Kf7
41. Kh1 Re8 42. Rxe8 Kxe8 1/2-1/2

[Event "World Chess Olympiad 2018"]
[Site "Batumi"]
[Date "2018.09.26"]
[Round "3.1"]
[White "Strugnell, Carl"]
[Black "Hague, Ben"]
[Result "0-1"]
[ECO "B32"]
[WhiteElo "2327"]
[BlackElo "2405"]
[PlyCount "60"]
[EventDate "2018.??.??"]
[TimeControl "6000+1360"]
[WhiteClock "0:09:20"]
[BlackClock "0:15:15"]

1. e4 c5 2. Nf3 Nc6 3. d4 cxd4 4. Nxd4 e5 5. Nb5 d6 6. N1c3 a6 7. Na3 Be7 8.
Nc4 b5 9. Ne3 Nf6 10. Bd3 O-O 11. O-O Rb8 12. a4 Nb4 13. Be2 Bb7 14. axb5 axb5
15. Nxb5 Bxe4 16. Ra4 d5 17. c3 Nc6 18. f3 Bg6 19. f4 exf4 20. Raxf4 Re8 21.
Kh1 Bc5 22. Nf5 Qd7 23. Nxg7 Kxg7 24. Rxf6 d4 25. Bg4 Qb7 26. Bf3 Qxb5 27. Bxc6
Qe2 28. Qa4 Re6 29. Bg5 Rxb2 30. cxd4 Be7 0-1

[Event "World Chess Olympiad 2018"]
[Site "Batumi"]
[Date "2018.09.24"]
[Round "1.1"]
[White "Strugnell, Carl"]
[Black "Anton Guijarro, David"]
[Result "0-1"]
[ECO "C91"]
[WhiteElo "2327"]
[BlackElo "2639"]
[PlyCount "66"]
[EventDate "2018.??.??"]
[TimeControl "6000+1255"]
[WhiteClock "0:33:14"]
[BlackClock "0:21:38"]

1. e4 e5 2. Nf3 Nc6 3. Bb5 a6 4. Ba4 Nf6 5. O-O Be7 6. Re1 b5 7. Bb3 d6 8. c3
O-O 9. d4 Bg4 10. Be3 exd4 11. cxd4 d5 12. e5 Ne4 13. h3 Bh5 14. Nbd2 Nxd2 15.
Qxd2 Bxf3 16. Qc3 Rb8 17. gxf3 Qd7 18. Rec1 Rb6 19. f4 Qxh3 20. Qxc6 Rxc6 21.
Rxc6 g5 22. f5 Qxf5 23. Bxd5 g4 24. Re1 Bg5 25. Rxc7 g3 26. fxg3 Bxe3+ 27. Rxe3
Qb1+ 28. Kf2 Qxb2+ 29. Kf3 Qxd4 30. Rd7 Kh8 31. g4 f5 32. g5 Qg4+ 33. Kf2 f4
0-1

[Event "World Chess Olympiad 2018"]
[Site "Batumi"]
[Date "2018.10.05"]
[Round "11.2"]
[White "Blackburn, Jonathan L B"]
[Black "Ahmad, Al Khatib"]
[Result "1-0"]
[ECO "E80"]
[WhiteElo "2423"]
[BlackElo "2355"]
[PlyCount "83"]
[EventDate "2018.??.??"]
[TimeControl "6000+855"]
[WhiteClock "0:55:23"]
[BlackClock "0:30:31"]

1. d4 Nf6 2. c4 g6 3. Nc3 Bg7 4. e4 d6 5. f3 b6 6. Be3 Bb7 7. Nge2 Nbd7 8. Ng3
h5 9. Be2 h4 10. Nf1 e5 11. d5 Bh6 12. g4 Bxe3 13. Nxe3 Nh7 14. O-O Ng5 15. Kg2
Kf8 16. Qd2 Kg7 17. b3 Qe7 18. Nc2 Raf8 19. Qe3 Bc8 20. b4 f5 21. exf5 gxf5 22.
f4 Ne4 23. Nxe4 fxe4 24. f5 h3+ 25. Kh1 Qh4 26. Rg1 Rhg8 27. Rg3 Kf6 28. Rxh3
Qg5 29. Rh6+ Ke7 30. Qxg5+ Rxg5 31. Ne3 Rgg8 32. Rg1 b5 33. cxb5 Nb6 34. Rc1
Kd8 35. Rh7 Bd7 36. h3 Nc8 37. Kh2 Ne7 38. Rc3 Bc8 39. Ra3 Bb7 40. Rxa7 Nxd5
41. Rxb7 Nxe3 42. Rb8# 1-0

[Event "World Chess Olympiad 2018"]
[Site "Batumi"]
[Date "2018.10.04"]
[Round "10.2"]
[White "Blackburn, Jonathan L B"]
[Black "Al Azmi, Khalaf"]
[Result "1-0"]
[ECO "E50"]
[WhiteElo "2423"]
[BlackElo "1785"]
[PlyCount "75"]
[EventDate "2018.??.??"]
[TimeControl "6000+740"]
[WhiteClock "0:20:44"]
[BlackClock "0:06:36"]

1. d4 Nf6 2. c4 e6 3. Nc3 Bb4 4. Nf3 O-O 5. e3 b6 6. Bd3 Bb7 7. O-O Bxc3 8.
bxc3 d6 9. Nd2 Nbd7 10. e4 c5 11. Re1 Qc7 12. Nf1 h6 13. Ng3 Rac8 14. d5 Ne5
15. Bf1 Rfe8 16. f4 Ng6 17. e5 dxe5 18. fxe5 Nd7 19. d6 Qc6 20. Qh5 Kh7 21. a4
f5 22. exf6 Nxf6 23. Qh3 Qxd6 24. Ra2 a5 25. Rf2 Qd8 26. Bg5 Kg8 27. Bxf6 gxf6
28. Qxh6 Rc7 29. Nh5 f5 30. Qxg6+ Kh8 31. Qh6+ Rh7 32. Qf6+ Qxf6 33. Nxf6 Rhe7
34. Nxe8 Rxe8 35. Rxf5 Bc6 36. Rg5 Bxa4 37. Re3 Re7 38. Bd3 1-0

[Event "World Chess Olympiad 2018"]
[Site "Batumi"]
[Date "2018.10.03"]
[Round "9.2"]
[White "Onkoud, Abdelaziz"]
[Black "Blackburn, Jonathan L B"]
[Result "1/2-1/2"]
[ECO "A05"]
[WhiteElo "2315"]
[BlackElo "2423"]
[PlyCount "82"]
[EventDate "2018.??.??"]
[TimeControl "6000+560"]
[WhiteClock "1:01:27"]
[BlackClock "0:42:25"]

1. Nf3 Nf6 2. c4 g6 3. b4 Bg7 4. Bb2 O-O 5. g3 d6 6. Bg2 e5 7. d3 Nbd7 8. Nbd2
a5 9. a3 Re8 10. O-O c6 11. Qc2 h6 12. Nb3 a4 13. Nbd2 Qe7 14. e4 Nf8 15. d4
exd4 16. Nxd4 h5 17. f4 h4 18. Rae1 Nh5 19. Re3 Bd7 20. Rfe1 c5 21. bxc5 dxc5
22. Ne2 hxg3 23. hxg3 Ne6 24. e5 Bc6 25. Bxc6 bxc6 26. Qe4 Rab8 27. Bc3 Red8
28. Nf3 Rb3 29. g4 Nhxf4 30. Nxf4 Bh6 31. Nxe6 Bxe3+ 32. Rxe3 Qxe6 33. Ng5 Qe7
34. e6 f5 35. Qf4 Rxc3 36. Rxc3 Rd4 37. Qb8+ Rd8 38. Qf4 Rd4 39. Qb8+ Rd8 40.
Qf4 Rd4 41. Qb8+ Rd8 1/2-1/2

[Event "World Chess Olympiad 2018"]
[Site "Batumi"]
[Date "2018.10.02"]
[Round "8.1"]
[White "Pang Yui Kuen"]
[Black "Blackburn, Jonathan L B"]
[Result "0-1"]
[WhiteElo "1981"]
[BlackElo "2423"]
[PlyCount "60"]
[EventDate "2018.??.??"]
[TimeControl "6000+755"]
[WhiteClock "0:20:41"]
[BlackClock "0:14:29"]

1. d3 Nf6 2. f4 d5 3. Nf3 c6 4. g3 g6 5. Bg2 Bg7 6. O-O Qb6+ 7. Kh1 Ng4 8. d4
h5 9. c3 Nd7 10. Ne5 Ndxe5 11. fxe5 h4 12. gxh4 Rxh4 13. h3 Bf5 14. Qe1 Rh5 15.
Qg3 O-O-O 16. Kg1 Bxe5 17. Bf4 Bxf4 18. Qxf4 e5 19. Qd2 Nf6 20. Na3 Ne4 21. Qe3
Rdh8 22. Nc4 dxc4 23. Bxe4 Bxe4 24. Qxe4 exd4 25. Rxf7 dxc3+ 26. e3 a6 27. bxc3
Rxh3 28. Re1 Kb8 29. Rf2 Qc5 30. Kf1 Qh5 0-1

[Event "World Chess Olympiad 2018"]
[Site "Batumi"]
[Date "2018.10.01"]
[Round "7.2"]
[White "Blackburn, Jonathan L B"]
[Black "Pg, Md Omar Ak Hafizon"]
[Result "1/2-1/2"]
[ECO "D80"]
[WhiteElo "2423"]
[BlackElo "2125"]
[PlyCount "109"]
[EventDate "2018.??.??"]
[TimeControl "6000+1165"]
[WhiteClock "0:16:17"]
[BlackClock "0:25:48"]

1. d4 Nf6 2. c4 g6 3. Nc3 d5 4. e3 Bg7 5. b4 O-O 6. Nf3 c6 7. Bb2 dxc4 8. Bxc4
b5 9. Be2 a5 10. bxa5 Qxa5 11. O-O Na6 12. Ne5 Bb7 13. Qb3 b4 14. Na4 c5 15.
Nc4 Qc7 16. Ncb6 Ra7 17. Rfc1 Bc6 18. dxc5 Rd8 19. Bxa6 Rxa6 20. Qxb4 Rb8 21.
Nc3 Qb7 22. f3 Nd7 23. Ne4 Bxb2 24. Qxb2 Bxe4 25. fxe4 Nxb6 26. cxb6 Qxe4 27.
b7 Qxb7 28. Qxb7 Rxb7 29. a4 Rb4 30. a5 Rb5 31. Rc3 Raxa5 32. Rxa5 Rxa5 33. Kf2
f5 34. Kf3 Ra4 35. h3 h5 36. Rc6 Kf7 37. g3 h4 38. g4 fxg4+ 39. hxg4 g5 40. Rc5
Kf6 41. Rf5+ Kg6 42. Re5 Ra7 43. Re6+ Kf7 44. Re5 Kf6 45. Rf5+ Kg6 46. Re5 Ra2
47. Rxe7 Rh2 48. Ra7 Rh3+ 49. Ke4 Rg3 50. Ra6+ Kf7 51. Ra7+ Ke6 52. Ra6+ Ke7
53. Ra7+ Ke6 54. Ra6+ Ke7 55. Ra7+ 1/2-1/2

[Event "World Chess Olympiad 2018"]
[Site "Batumi"]
[Date "2018.09.30"]
[Round "6.2"]
[White "Bekker-Jensen, Simon"]
[Black "Blackburn, Jonathan L B"]
[Result "1/2-1/2"]
[ECO "E71"]
[WhiteElo "2482"]
[BlackElo "2423"]
[PlyCount "85"]
[EventDate "2018.??.??"]
[TimeControl "6000+1170"]
[WhiteClock "0:43:05"]
[BlackClock "0:40:32"]

1. d4 Nf6 2. c4 g6 3. Nc3 Bg7 4. e4 d6 5. h3 O-O 6. Bg5 Qe8 7. Nf3 e5 8. dxe5
dxe5 9. Nd5 Nxd5 10. cxd5 c6 11. Bc4 cxd5 12. Bxd5 Qb5 13. Qe2 Qb4+ 14. Qd2 Na6
15. O-O Qxd2 16. Nxd2 Nc7 17. Rac1 Nxd5 18. exd5 f6 19. Be3 Rd8 20. Rc7 Rxd5
21. Rfc1 Rd8 22. Ne4 Bf5 23. Ng3 b6 24. Nxf5 gxf5 25. g3 Bf8 26. Rb7 Rdc8 27.
Rxc8 Rxc8 28. Rxa7 Bc5 29. Bxc5 bxc5 30. Rb7 c4 31. a4 c3 32. bxc3 Rxc3 33. a5
Ra3 34. Ra7 Ra1+ 35. Kg2 e4 36. a6 h5 37. h4 Kh8 38. Ra8+ Kg7 39. a7 Kh7 40.
Rf8 Rxa7 41. Rxf6 Ra5 42. Kf1 Kg7 43. Rb6 1/2-1/2

[Event "World Chess Olympiad 2018"]
[Site "Batumi"]
[Date "2018.09.27"]
[Round "4.2"]
[White "Blackburn, Jonathan L B"]
[Black "Masrahi, Abdulrahman A"]
[Result "1/2-1/2"]
[ECO "D15"]
[WhiteElo "2423"]
[BlackElo "1879"]
[PlyCount "88"]
[EventDate "2018.??.??"]
[TimeControl "6000+1045"]
[WhiteClock "0:26:34"]
[BlackClock "0:34:46"]

1. d4 d5 2. c4 c6 3. Nf3 Nf6 4. Nc3 a6 5. c5 Nbd7 6. Bf4 Nh5 7. e3 Nxf4 8. exf4
g6 9. Bd3 Bg7 10. h4 b6 11. cxb6 Qxb6 12. Qd2 Bxd4 13. h5 Bg7 14. Na4 Qc7 15.
Rc1 e5 16. fxe5 Nxe5 17. Nxe5 Qxe5+ 18. Kf1 O-O 19. b3 Bf6 20. Nb6 Bg5 21. Qc3
Qf4 22. Rc2 Rb8 23. hxg6 fxg6 24. Qxc6 Qf7 25. Nxc8 Rbxc8 26. Qxc8 Rxc8 27.
Rxc8+ Kg7 28. Rh3 Qb7 29. Rc2 a5 30. Be2 Bf6 31. Rd3 d4 32. Rd1 Qb8 33. Rc5 Qh2
34. Bf3 Be7 35. Rxa5 Bb4 36. Rd5 Bc3 37. b4 Qc7 38. b5 Qb6 39. a4 h5 40. Ke2
Qa5 41. Kf1 Qxa4 42. b6 Qa6+ 43. Kg1 Qxb6 44. Kf1 Kh6 1/2-1/2

[Event "World Chess Olympiad 2018"]
[Site "Batumi"]
[Date "2018.09.26"]
[Round "3.2"]
[White "Kulashko, Alexei"]
[Black "Blackburn, Jonathan L B"]
[Result "1/2-1/2"]
[ECO "C00"]
[WhiteElo "2349"]
[BlackElo "2423"]
[PlyCount "204"]
[EventDate "2018.??.??"]
[TimeControl "6000+1200"]
[WhiteClock "0:06:07"]
[BlackClock "0:07:14"]

1. e4 e6 2. d3 d5 3. Nd2 c5 4. Ngf3 Nc6 5. g3 Nf6 6. Bg2 Be7 7. O-O b5 8. Re1
a5 9. c4 bxc4 10. exd5 exd5 11. dxc4 Ra7 12. cxd5 Nxd5 13. Nc4 O-O 14. a3 Bg4
15. Qd3 Nf6 16. Qxd8 Rxd8 17. Nce5 Bxf3 18. Nxc6 Bxc6 19. Bxc6 Rb8 20. Re2 Rb6
21. Bf3 h6 22. Be3 Nh7 23. Rc1 Ng5 24. Bd5 Ne6 25. Bxe6 Rxe6 26. Rec2 Rb7 27.
Rd1 a4 28. Rd5 Bf6 29. Bxc5 Bxb2 30. Bb4 Bf6 31. Ra5 Be7 32. Rxa4 Bxb4 33. Rxb4
Ra7 34. Ra2 Re5 35. a4 g6 36. Kg2 h5 37. Kf3 Kg7 38. Re4 Rd5 39. Ke3 Raa5 40.
Rd4 Rdc5 41. Kd3 Rc1 42. Rc4 Rf1 43. Kc3 Rb1 44. Rb4 Rc1+ 45. Kb3 Kh6 46. Kb2
Rf1 47. Ka3 g5 48. Rb6+ Kg7 49. Rb5 Ra8 50. Rxg5+ Kf6 51. Rxh5 Rb1 52. Rb2 Ra1+
53. Kb3 R8xa4 54. Kc3 Rd1 55. Rb6+ Kg7 56. Rg5+ Kf8 57. Rf5 Ra7 58. Rbb5 Rad7
59. h4 R7d4 60. Rf3 Rd7 61. Rb3 Rc7+ 62. Kb4 Rd4+ 63. Ka3 Ra7+ 64. Kb2 Rd2+ 65.
Kc3 Raa2 66. Kc4 Rxf2 67. Rxf2 Rxf2 68. Kd4 Kg7 69. Ke3 Rf1 70. Rb4 Ra1 71. Kf3
Ra5 72. Rg4+ Kh6 73. Kf4 f6 74. Rg8 Kh7 75. Re8 Kg6 76. g4 Ra4+ 77. Re4 Ra1 78.
h5+ Kf7 79. Rb4 Rf1+ 80. Ke4 Re1+ 81. Kf3 Rf1+ 82. Kg2 Rc1 83. Rb7+ Kg8 84. h6
Rc3 85. Rg7+ Kf8 86. Rd7 Kg8 87. Rd6 Kf7 88. Rd7+ Kg8 89. Rb7 Ra3 90. Rg7+ Kf8
91. Rg6 Kf7 92. Rg7+ Kf8 93. Rc7 Kg8 94. Rc6 Kf7 95. h7 Kg7 96. Rc7+ Kh8 97.
Rf7 Rb3 98. Kf2 Ra3 99. Rxf6 Kxh7 100. Rf3 Rxf3+ 101. Kxf3 Kg6 102. Kf4 Kf6
1/2-1/2

[Event "Wolrd Chess Olympiad 2018"]
[Site "Batumi"]
[Date "2018.09.25"]
[Round "2.1"]
[White "Mbongeni, Mabuza"]
[Black "Blackburn, Jonathan L B"]
[Result "0-1"]
[ECO "C00"]
[WhiteElo "1560"]
[BlackElo "2423"]
[PlyCount "108"]
[EventDate "2018.??.??"]
[TimeControl "6000+925"]
[WhiteClock "0:01:49"]
[BlackClock "0:24:49"]

1. e4 e6 2. Nf3 d5 3. exd5 exd5 4. Be2 Bd6 5. O-O Ne7 6. d4 O-O 7. Bg5 f6 8.
Bh4 Nf5 9. Bg3 Nxg3 10. fxg3 c6 11. c4 dxc4 12. Bxc4+ Kh8 13. Qc2 g6 14. Nh4 f5
15. Qc3 Nd7 16. Nf3 Nb6 17. Bb3 Qf6 18. Nbd2 Nd5 19. Qd3 Be6 20. Nc4 Bc7 21.
Rac1 Rad8 22. Kh1 f4 23. gxf4 Nxf4 24. Qe3 Bd5 25. Nce5 Qf5 26. Bxd5 Nxd5 27.
Qg5 Kg7 28. Qxf5 Rxf5 29. g4 Rf6 30. Ng5 Rdf8 31. Rxf6 Rxf6 32. Kg1 h6 33. Ngf3
Rf4 34. Rf1 Ne3 35. Re1 Nxg4 36. Nxg4 Rxg4+ 37. Kf2 Kf7 38. h3 Rf4 39. Ke3 Rf6
40. Rf1 Ke6 41. Rg1 Kd5 42. Rg4 g5 43. Re4 Bf4+ 44. Kd3 Bc1 45. Re5+ Kd6 46.
Nd2 Bxd2 47. Kxd2 Rf2+ 48. Re2 Rxe2+ 49. Kxe2 Kd5 50. Ke3 h5 51. b3 a5 52. a3
g4 53. hxg4 hxg4 54. Kf4 Kxd4 0-1

[Event "World Chess Olympiad 2018"]
[Site "Batumi"]
[Date "2018.09.24"]
[Round "1.2"]
[White "Perez Candelario, Manuel"]
[Black "Blackburn, Jonathan L B"]
[Result "1-0"]
[ECO "C18"]
[WhiteElo "2590"]
[BlackElo "2423"]
[PlyCount "59"]
[EventDate "2018.??.??"]
[TimeControl "6000+1090"]
[WhiteClock "0:25:59"]
[BlackClock "0:24:11"]

1. e4 e6 2. d4 d5 3. Nc3 Bb4 4. e5 c5 5. a3 Bxc3+ 6. bxc3 Qa5 7. Bd2 Qa4 8. Qg4
Kf8 9. Qd1 b6 10. dxc5 bxc5 11. Nf3 Ba6 12. Bxa6 Qxa6 13. Be3 Nd7 14. Qe2 Qc6
15. O-O Ne7 16. Rab1 a6 17. c4 d4 18. Bd2 f6 19. Rfe1 f5 20. c3 d3 21. Qxd3 h6
22. Rbd1 Nb6 23. Be3 Kf7 24. Qe2 Rhd8 25. Rd6 Rxd6 26. exd6 Qxd6 27. Bf4 Qxf4
28. Qxe6+ Kf8 29. Qxe7+ Kg8 30. Qe6+ 1-0

[Event "World Chess Olympiad 2018"]
[Site "Batumi"]
[Date "2018.10.05"]
[Round "11.3"]
[White "Issa, Rafat"]
[Black "Bullen, Alex"]
[Result "1-0"]
[ECO "A06"]
[WhiteElo "2388"]
[BlackElo "1914"]
[PlyCount "65"]
[EventDate "2018.??.??"]
[TimeControl "6000+1365"]
[WhiteClock "0:44:42"]
[BlackClock "0:45:10"]

1. Nf3 d5 2. g3 Nf6 3. Bg2 c6 4. O-O Bf5 5. d3 Nbd7 6. Nbd2 e5 7. c3 h6 8. Nh4
Bh7 9. e4 dxe4 10. dxe4 Nc5 11. Qe2 Qd3 12. Qxd3 Nxd3 13. Nf5 O-O-O 14. Nc4
Bxf5 15. exf5 Bc5 16. b4 Nxc1 17. bxc5 Ne2+ 18. Kh1 Nxc3 19. Nd6+ Rxd6 20. cxd6
Nfd5 21. f6 Nxf6 22. Bh3+ Kb8 23. Rfe1 e4 24. f3 Rd8 25. Rac1 Nxa2 26. Rc4 exf3
27. d7 Nd5 28. Re8 Kc7 29. Rxd8 Kxd8 30. Ra4 f2 31. Rxa2 f1=Q+ 32. Bxf1 Kxd7
33. Rxa7 1-0

[Event "World Chess Olympiad 2018"]
[Site "Batumi"]
[Date "2018.10.04"]
[Round "10.3"]
[White "Alothman, Abdul Wahab"]
[Black "Bullen, Alex"]
[Result "1-0"]
[ECO "D38"]
[WhiteElo "1911"]
[BlackElo "1914"]
[PlyCount "101"]
[EventDate "2018.??.??"]
[TimeControl "6000+860"]
[WhiteClock "0:32:41"]
[BlackClock "1:04:28"]

1. d4 d5 2. Nf3 Nf6 3. c4 e6 4. Nc3 Bb4 5. Bg5 Nbd7 6. cxd5 exd5 7. e3 c5 8.
Bxf6 Nxf6 9. Bb5+ Bd7 10. Bxd7+ Nxd7 11. O-O Bxc3 12. bxc3 O-O 13. Qb3 cxd4 14.
cxd4 Nb6 15. Rfc1 Rb8 16. Ne5 f6 17. Nd3 Qd6 18. Rc5 Rfc8 19. Rac1 Kf8 20. Qa3
Rc6 21. Qxa7 Nd7 22. Rxc6 bxc6 23. g3 Ke8 24. a3 Rc8 25. Nb4 Qb8 26. Qxb8 Nxb8
27. Nxd5 Nd7 28. Nb4 Ra8 29. Rc3 Nb8 30. e4 Kd7 31. f4 Ra5 32. Kf2 g6 33. Ke3
Rh5 34. h4 Ra5 35. g4 h6 36. Kd3 g5 37. hxg5 hxg5 38. f5 Kd6 39. Nc2 Na6 40.
Ne3 Ra4 41. Nc4+ Kc7 42. e5 fxe5 43. Nxe5 Kd6 44. Nxc6 Nc7 45. Nb4 Nb5 46. Rc6+
Kd7 47. Ra6 Rxa3+ 48. Rxa3 Nxa3 49. Nd5 Nb5 50. Nf6+ Kd6 51. Kc4 1-0

[Event "World Chess Olympiad 2018"]
[Site "Batumi"]
[Date "2018.10.03"]
[Round "9.3"]
[White "Bullen, Alex"]
[Black "Saber, Yasser"]
[Result "0-1"]
[ECO "B08"]
[WhiteElo "1914"]
[BlackElo "2192"]
[PlyCount "74"]
[EventDate "2018.??.??"]
[TimeControl "6000+1370"]
[WhiteClock "0:07:56"]
[BlackClock "0:00:37"]

1. e4 d6 2. d4 Nf6 3. Nc3 g6 4. Nf3 Bg7 5. h3 O-O 6. Be3 a6 7. a4 Nc6 8. Be2 e6
9. O-O Re8 10. a5 h6 11. Re1 Nd7 12. Qd2 Kh7 13. Nh2 e5 14. dxe5 dxe5 15. Bc4
Nd4 16. Bxf7 Rf8 17. Bc4 Nf6 18. Bxd4 exd4 19. Nd5 Nd7 20. f4 c6 21. Nb4 Qh4
22. Nd3 b5 23. axb6 Nxb6 24. Bb3 Qe7 25. Ra5 Rb8 26. Ne5 Qc7 27. Nhf3 c5 28. c4
dxc3 29. Qxc3 Nd7 30. Bc2 Rxf4 31. Rd1 Nxe5 32. Rxc5 Nxf3+ 33. gxf3 Qa7 34. Qe3
Rxf3 35. Qxf3 Qxc5+ 36. Kh1 Qxc2 37. Rd8 Rxb2 0-1